Map: Prion Terraces

Players

Miszu - Winner!

  • Race: Protoss Protoss
  • League: Master

patnessdark

  • Race: Zerg Zerg
  • League: Master

VOD

Have the link to the VOD?

Description

Time

  • Played on: April 3, 2016, 10:52 a.m.
  • Length: 17:25
Show
View Real Time Build Order
Export as new Build Order

Miszu Protoss - Winner!

Build Orders: 1 Gate Expand 

Get SALT Encoding   

  12  0:01  Probe (Chrono Boost)  
  13  0:11  Probe (Chrono Boost)  
  14  0:19  Pylon  
  14  0:22  Probe (Chrono Boost)  
  15  0:37  Probe (Chrono Boost)  
  16  0:44  Gateway  
  16  0:47  Probe (Chrono Boost)  
  17  1:09  Nexus  
  17  1:11  Probe (Chrono Boost)  
  17  1:17  Assimilator  
  18  1:22  Probe (Chrono Boost)  
  19  1:32  Cybernetics Core  
  19  1:33  Probe (Chrono Boost)  
  19  1:38  Assimilator  
  20  1:44  Probe (Chrono Boost)  
  21  1:49  Pylon  
  21  1:54  Probe (Chrono Boost)  
  22  2:05  Probe (Chrono Boost)  
  23  2:10  Adept (Chrono Boost)  
  23  2:14  Warp Gate  
  25  2:16  Probe  
  25  2:21  Probe  
  27  2:28  Probe  
  27  2:42  Pylon  
  27  2:47  Pylon, Mothership Core  
  29  2:53  Probe  
  30  2:59  Pylon  
  30  3:05  Probe  
  31  3:07  Probe  
  32  3:17  Probe x2  
  32  3:18  Adept (Chrono Boost)  
  34  3:28  Probe  
  34  3:29  Probe  
  36  3:35  Stargate  
  36  3:37  Stargate  
  36  3:38  Probe  
  37  3:41  Probe  
  38  3:49  Probe  
  38  3:50  Pylon  
  38  3:53  Probe  
  40  3:59  Probe  
  41  4:05  Gateway, Probe  
  41  4:06  Gateway  
  41  4:08  Gateway  
  42  4:10  Probe  
  45  4:17  Probe  
  45  4:22  Phoenix x2 (Chrono Boost)  
  50  4:25  Probe  
  50  4:29  Probe  
  52  4:37  Probe  
  51  4:42  Probe  
  51  4:44  Pylon  
  51  4:45  Phoenix (Chrono Boost)  
  54  4:48  Nexus  
  54  4:49  Probe  
  43  5:00  Phoenix (Chrono Boost)  
  57  5:02  Probe x2  
  57  5:04  Assimilator  
  57  5:05  Assimilator  
  59  5:07  Phoenix (Chrono Boost)  
  59  5:11  Pylon  
  61  5:14  Probe x2  
  63  5:22  Assimilator  
  63  5:26  Probe, Assimilator  
  63  5:27  Probe  
  65  5:29  Phoenix (Chrono Boost)  
  65  5:35  Phoenix (Chrono Boost)  
  69  5:38  Probe  
  69  5:39  Probe  
  71  5:51  Phoenix (Chrono Boost), Probe x2  
  75  5:59  Probe  
  75  6:00  Phoenix (Chrono Boost)  
  75  6:03  Probe x2  
  80  6:09  Probe  
  81  6:19  Phoenix (Chrono Boost)  
  81  6:20  Probe  
  81  6:22  Probe  
  81  6:23  Probe  
  81  6:24  Robotics Facility  
  88  6:29  Robotics Facility  
  88  6:30  Forge  
  88  6:32  Probe x2  
  87  6:35  Twilight Council, Pylon, Probe  
  87  6:37  Pylon  
  89  6:44  Adept, Probe  
  92  6:48  Pylon  
  92  6:51  Gateway  
  92  6:59  Gateway  
  92  7:00  Gateway  
  92  7:02  Gateway  
  92  7:03  Gateway  
  92  7:04  Adept x2  
  92  7:05  Adept  
  92  7:06  Gateway  
  98  7:14  Immortal  
  102  7:16  Protoss Ground Weapons Level 1  
  102  7:17  Resonating Glaives  
  102  7:18  Immortal  
  101  7:46  Adept x2  
  85  8:06  Probe  
  85  8:07  Probe x2  
  85  8:09  Adept x2  
  85  8:11  Assimilator  
  92  8:16  Probe  
  93  8:26  Pylon  
  93  8:29  Pylon  
  93  8:30  Pylon  
  93  8:31  Pylon  
  93  8:32  Pylon  
  93  8:34  Pylon x2  
  93  8:44  Immortal (Chrono Boost), Probe x2  
  93  8:47  Adept x3, Immortal (Chrono Boost)  
  109  8:55  Pylon  
  109  8:57  Charge  
  109  9:03  Nexus  
  109  9:05  Mothership Core  
  109  9:08  Sentry  
  109  9:09  Adept x4  
  121  9:10  Adept x4  
  129  9:17  Protoss Ground Weapons Level 2  
  129  9:20  Immortal (Chrono Boost)  
  129  9:23  Immortal (Chrono Boost)  
  122  9:34  Adept x3  
  122  9:35  Adept x5  
  99  9:52  Adept  
  99  9:53  Adept x4  
  99  9:57  Mothership Core  
  99  9:58  Probe x2  
  113  10:00  Pylon  
  113  10:01  Immortal (Chrono Boost)  
  113  10:04  Immortal (Chrono Boost)  
  121  10:12  Sentry  
  123  10:16  Templar Archives  
  123  10:18  Probe  
  124  10:23  Assimilator  
  124  10:25  Assimilator  
  124  10:28  Pylon  
  123  10:38  Adept x3, Photon Cannon  
  122  10:46  Probe  
  122  10:48  Probe  
  122  10:49  Probe x2  
  120  10:55  High Templar  
  120  10:56  High Templar  
  124  10:58  Probe x2  
  124  11:00  Archon  
  124  11:01  High Templar x4, Probe x2  
  136  11:04  High Templar  
  136  11:05  High Templar x2  
  136  11:06  Archon x2  
  136  11:09  Probe  
  136  11:10  Probe  
  145  11:12  Observer x2 (Chrono Boost)  
  145  11:13  Probe x2  
  148  11:22  Photon Cannon  
  148  11:24  Photon Cannon  
  148  11:30  Observer (Chrono Boost), Probe x2  
  148  11:31  Probe  
  148  11:32  Pylon  
  152  11:40  Archon  
  146  11:47  Adept  
  146  11:48  Adept x3  
  150  11:56  Zealot x3  
  152  12:10  High Templar x3, Adept  
  152  12:11  Adept, Zealot, Photon Cannon  
  152  12:15  Archon  
  164  12:22  High Templar, Zealot  
  166  12:23  Zealot  
  166  12:25  Protoss Ground Weapons Level 3  
  166  12:26  Nexus  
  166  12:29  Pylon  
  170  12:32  High Templar  
  170  12:36  Archon, Pylon  
  172  12:37  Pylon  
  172  12:48  Immortal x2 (Chrono Boost)  
  180  13:05  Dark Shrine  
  174  13:20  High Templar  
  174  13:21  Zealot x8  
  174  13:22  Warp Prism (Chrono Boost)  
  194  13:28  Psionic Storm  
  194  13:39  Photon Cannon  
  194  13:40  Photon Cannon  
  194  13:45  Photon Cannon  
  194  13:46  Photon Cannon x2  
  194  13:47  High Templar x3, Photon Cannon  
  200  13:48  Photon Cannon  
  199  14:17  Probe  
  200  14:41  Gateway  
  200  14:42  Gateway  
  184  14:46  Gateway x2  
  184  14:49  Gateway  
  174  15:03  Immortal x2 (Chrono Boost), Protoss Ground Armor Level 1  
  172  15:20  Zealot  
  174  15:26  Zealot  
  174  15:27  Zealot x5  
  166  15:37  Immortal (Chrono Boost)  
  166  15:42  Archon  
  156  15:50  High Templar x3, Immortal (Chrono Boost)  
  156  15:51  Zealot x3  
  162  15:58  Zealot x3  
  170  16:11  Immortal (Chrono Boost)  
  170  16:12  Assimilator  
  170  16:13  Assimilator  
  170  16:16  High Templar x4  
  170  16:17  Zealot x4  
  180  16:18  Zealot  
  180  16:19  Zealot x2  
  186  16:35  Zealot x2  
  186  16:36  Zealot  
  192  16:40  Pylon  
  192  16:43  Pylon, Zealot  
Show
View Real Time Build Order
Export as new Build Order

patnessdark Zerg 

Build Orders: Pool First 

Get SALT Encoding   

  12  0:00  Drone  
  13  0:12  Overlord  
  13  0:16  Drone  
  14  0:23  Extractor, Drone  
  15  0:30  Drone  
  16  0:42  Spawning Pool  
  16  0:44  Drone  
  16  0:48  Drone  
  17  0:58  Extractor  
  16  1:11  Hatchery  
  15  1:29  Zergling x6  
  18  1:33  Queen  
  20  1:40  Drone  
  21  1:50  Overlord  
  21  2:01  Metabolic Boost  
  21  2:02  Drone  
  22  2:09  Queen  
  22  2:13  Drone  
  25  2:23  Drone x2  
  26  2:44  Drone x5  
  29  3:02  Zergling x6, Hatchery  
  29  3:03  Zergling x2  
  32  3:12  Extractor  
  31  3:15  Drone  
  31  3:16  Drone  
  31  3:18  Drone  
  31  3:19  Drone  
  35  3:20  Overlord  
  35  3:24  Overlord  
  35  3:37  Overlord  
  35  3:38  Drone x4  
  39  3:46  Drone x2  
  40  3:50  Extractor, Lair  
  40  3:53  Extractor  
  38  3:56  Drone x4  
  42  4:07  Drone x3  
  42  4:08  Drone  
  46  4:15  Spore Crawler  
  45  4:20  Spore Crawler  
  45  4:21  Drone, Spore Crawler  
  45  4:22  Drone  
  45  4:26  Spore Crawler  
  45  4:28  Drone x2  
  45  4:29  Spore Crawler  
  45  4:37  Drone x2  
  47  4:44  Spore Crawler  
  47  4:45  Spore Crawler, Drone x3  
  48  4:49  Drone  
  48  4:50  Drone x2  
  50  4:58  Queen  
  52  5:00  Drone x3  
  52  5:06  Hydralisk Den  
  55  5:07  Drone x2  
  56  5:27  Extractor  
  56  5:28  Extractor, Drone  
  54  5:29  Drone x4, Evolution Chamber  
  54  5:33  Roach Warren  
  54  5:34  Overlord x4  
  57  5:38  Muscular Augments  
  57  5:49  Queen  
  57  5:54  Drone  
  57  5:55  Drone  
  57  5:56  Drone x2  
  61  6:01  Zerg Missile Weapons Level 1, Hydralisk x2  
  61  6:02  Hydralisk x3  
  61  6:03  Hydralisk  
  73  6:10  Hydralisk  
  74  6:12  Hydralisk  
  74  6:13  Hydralisk  
  74  6:16  Spore Crawler  
  73  6:20  Drone x3  
  76  6:29  Hydralisk x4  
  84  6:39  Hydralisk x3  
  85  6:46  Glial Reconstitution  
  88  6:47  Overlord x2  
  88  6:49  Overlord  
  88  7:06  Overlord x2  
  88  7:07  Hydralisk  
  90  7:09  Hatchery  
  90  7:10  Overseer  
  90  7:15  Drone x4  
  93  7:16  Drone x2  
  93  7:17  Drone  
  97  7:22  Drone  
  97  7:23  Drone x3  
  97  7:24  Drone  
  98  7:48  Roach x8  
  104  7:58  Hydralisk  
  104  7:59  Hydralisk x5  
  99  8:07  Hydralisk x3  
  99  8:10  Zerg Missile Weapons Level 2  
  99  8:16  Hydralisk x3  
  105  8:20  Hydralisk  
  105  8:23  Spore Crawler  
  105  8:24  Hydralisk x3  
  105  8:25  Spore Crawler  
  111  8:36  Hydralisk x4  
  119  8:42  Overlord x2  
  119  8:46  Overlord x2  
  119  8:48  Overseer  
  119  8:54  Overlord x2  
  119  9:00  Ravager x3  
  119  9:01  Ravager x5  
  119  9:02  Zergling x4  
  129  9:03  Zergling x14  
  129  9:09  Queen  
  138  9:13  Roach x4  
  120  9:33  Zergling x6  
  120  9:34  Zergling x18  
  129  9:43  Zergling x2  
  129  9:44  Zergling x18  
  101  9:53  Hydralisk x3  
  103  10:01  Hydralisk x2  
  107  10:10  Spire, Hydralisk x5  
  116  10:22  Hydralisk  
  116  10:23  Hydralisk x4  
  118  10:50  Hydralisk x10  
  138  10:58  Drone x6  
  144  11:10  Roach x6  
  155  11:24  Ravager x4  
  159  11:26  Overlord x2  
  159  11:29  Zerg Flyer Weapons Level 1, Zerg Ground Armor Level 1  
  148  11:52  Roach x7  
  148  11:53  Roach x8  
  138  12:06  Hydralisk  
  138  12:07  Hydralisk x5  
  142  12:21  Corruptor  
  142  12:22  Corruptor x3  
  151  12:30  Ravager x4  
  154  12:38  Extractor  
  154  12:39  Extractor  
  154  12:42  Overseer  
  152  12:49  Drone x3  
  152  12:50  Drone x3  
  158  12:54  Ravager x4  
  158  12:57  Zergling x2  
  158  12:58  Zergling x20  
  173  13:08  Hatchery  
  172  13:18  Overlord x2  
  172  13:19  Overlord x2  
  172  13:28  Zerg Flyer Weapons Level 2  
  172  13:30  Infestation Pit  
  171  13:43  Zerg Ground Armor Level 2  
  171  13:47  Corruptor x4  
  179  14:11  Hive  
  179  14:13  Pathogen Glands  
  179  14:17  Corruptor  
  179  14:18  Corruptor x2  
  179  14:23  Spine Crawler  
  174  14:48  Zergling x8  
  174  14:49  Zergling x24  
  183  14:59  Roach x4  
  185  15:12  Hydralisk x5  
  162  15:41  Zergling x30  
  129  15:46  Corruptor  
  119  16:05  Corruptor  
  114  16:33  Hatchery  
Tags
 
Add a new tag
Caveats
  • Supply blocks, unpowered buildings, or Contaminate may cause inaccurate times.
  • Supply counts are checked every 10 seconds.